 Dungeon Crawl Stone Soup version 0.31-a0-1616-gbeaec30 (webtiles) character file.

Game seed: 4929230979909703140

404 smazza the Poker (level 6, -6/48 HPs)
             Began as a Merfolk Gladiator on Jan 10, 2024.
             Was an Initiate of Makhleb.
             Mangled by Edmund
             ... wielding a +3 flail of protection
              (9 damage)
             ... on level 4 of the Dungeon.
             The game lasted 00:10:42 (3084 turns).

smazza the Poker (Merfolk Gladiator)                Turns: 3084, Time: 00:10:42

Health: -6/48      AC:  5    Str: 14    XL:     6   Next: 86%
Magic:  6/6        EV: 13    Int: 10    God:    Makhleb [......]
Gold:   180        SH:  5    Dex: 15    Spells: 5/5 levels left

rFire   . . .        a - +0 trident
rCold   . . .        j - +0 buckler
rNeg    . . .        b - +0 leather armour
rPois   .            c - +0 helmet
rElec   .            (no cloak)
rCorr   .            q - +0 pair of gloves
SInv    .            (no boots)
Will    .....        (no amulet)
Stlth   +            (no ring)
HPRegen 0.28/turn    (no ring)
MPRegen 0.10/turn

%: no passive effects
@: mighty
A: (nimble swimmer 2), mertail
a: Renounce Religion


You were on level 4 of the Dungeon.
You worshipped Makhleb.
Makhleb was noncommittal.
You visited 2 branches of the dungeon, and saw 5 of its levels.

You collected 180 gold pieces.

Inventory:

Hand Weapons
 a - a +0 trident (weapon)
 f - a +0 dagger of venom
 m - a +0 dagger of electrocution
Missiles
 d - 2 throwing nets (quivered)
 e - a javelin
 k - 46 stones
Armour
 b - a +0 leather armour (worn)
 c - a +0 helmet (worn)
 j - a +0 buckler (worn)
 q - a +0 pair of gloves (worn)
Scrolls
 g - a scroll of noise {unknown}
 h - 2 scrolls of identify {unknown}
 i - 2 scrolls of fog {unknown}
 l - a scroll of teleportation {unknown}
 n - a scroll of poison {unknown}
Potions
 o - 2 potions of might


   Skills:
 + Level 3.7 Fighting
 * Level 7.0 Polearms
 - Level 2.0 Throwing
 + Level 5.8 Dodging
 + Level 2.5 Shields


You had 5 spell levels left.
You didn't know any spells.
Your spell library contained the following spells:

 Spells                   Type           Power      Damage    Failure   Level
 Freeze                   Ice            0%         1d3       54%         1
 Frozen Ramparts          Ice            0%         1d1       88%         3
 Hailstorm                Conj/Ice       0%         3d5       88%         3


Dungeon Overview and Level Annotations

Branches:
Dungeon (4/15)             Temple (1/1) D:4

Altars:
Dithmenos
Elyvilon
Gozag
Hepliaklqana
Makhleb
Nemelex Xobeh
Okawaru
Qazlal
Ru
Sif Muna
Vehumet
Wu Jian
Yredelemnul
The Shining One

Annotations:
D:4 Edmund, Grinder


Innate Abilities, Weirdness & Mutations

((You are very nimble when in or above water. (Stealth+, EV+, Speed+++)))
Your lower body shifts to a powerful aquatic tail in water.


Message History

Edmund barely misses you. The goblin attacks as it pursues you!
The goblin hits you but does no damage. The goblin attacks as it pursues you!
The goblin hits you but does no damage. The goblin attacks as it pursues you!
The goblin barely misses you.
Found a stone staircase leading down.
Edmund says, "I might not be good at magic, but I can still kill you!"
Edmund attacks as he pursues you!
Edmund hits you with a +3 flail of protection!
Edmund attacks as he pursues you! Edmund barely misses you.
You barely miss Edmund.
Edmund hits you with a +3 flail of protection!
You hit Edmund.
Edmund is lightly wounded.
Edmund hits you with a +3 flail of protection.
* * * LOW HITPOINT WARNING * * *
It was a potion of might.
You feel very mighty all of a sudden. You block Edmund's attack.
You hit Edmund but do no damage.
Edmund is lightly wounded.
Edmund hits you with a +3 flail of protection!
* * * LOW HITPOINT WARNING * * *
You closely miss Edmund.
Edmund is lightly wounded.
Edmund closely misses you.
You puncture Edmund!
Edmund is lightly wounded.
Edmund completely misses you.
You puncture Edmund!
Edmund is moderately wounded.
You block Edmund's attack.
You barely miss Edmund.
Edmund is moderately wounded.
You block Edmund's attack.
You puncture Edmund!
Edmund is severely wounded.
You block Edmund's attack.
Edmund hits you with a +3 flail of protection!
You die...
Edmund says, "That'll show my brother!"

..#.........#######))..:#
....#.........## #.###.#
.##..#.........# #..# .#
#...#........# #..## ..
......#..[....# #.. #
#.###..........# ###
..........<....# #
####....[...######
##........g@@..#
#..........###....>.
#..........# ###..
#..[.......# #..........#
#..........# ##........##
##..[...## ########


You could see Edmund and a goblin.

Vanquished Creatures
  A howler monkey (D:3)
  A bombardier beetle (D:3)
  3 orc priests (D:4)
  2 iguanas
  2 orc wizards (D:3)
  5 adders
  2 dart slugs (D:2)
  2 ribbon worms
  9 orcs
  2 endoplasms
  3 giant cockroaches
  3 goblins (D:2)
  10 hobgoblins
  9 kobolds
  4 quokkas
  4 ball pythons
  2 bats (D:3)
  4 frilled lizards
  5 rats
73 creatures vanquished.

Vanquished Creatures (others)
  An orc wizard (D:3)
1 creature vanquished.

Grand Total: 74 creatures vanquished

Notes
Turn   | Place    | Note
-------+----------+-------------------------------------------
     0 | D:1      | smazza the Merfolk Gladiator began the quest for the Orb.
     0 | D:1      | Reached XP level 1. HP: 16/16 MP: 1/1
    77 | D:1      | Reached XP level 2. HP: 21/22 MP: 2/2
   210 | D:1      | Found a faded altar of an unknown god.
   701 | D:2      | Reached XP level 3. HP: 27/27 MP: 3/3
   827 | D:2      | Reached skill level 5 in Polearms
  1054 | D:2      | Reached XP level 4. HP: 32/34 MP: 4/4
  1197 | D:2      | Reached skill level 1 in Shields
  1432 | D:2      | Reached skill level 5 in Dodging
  1748 | D:3      | Reached XP level 5. HP: 35/40 MP: 5/5
  2130 | D:3      | Reached skill level 6 in Polearms
  2317 | D:3      | You fall into a shaft and drop 1 floor!
  2324 | D:4      | Noticed Grinder
  2325 | D:4      | Paralysed by Grinder for 3 turns
  2472 | D:3      | Reached XP level 6. HP: 45/47 MP: 6/6
  2774 | D:4      | Found a staircase to the Ecumenical Temple.
  2795 | Temple   | Entered the Ecumenical Temple
  2854 | Temple   | Became a worshipper of Makhleb the Destroyer
  2925 | D:4      | Reached skill level 7 in Polearms
  3056 | D:4      | Noticed Edmund
  3079 | D:4      | HP: 2/48 [Edmund/+3 flail of protection (11)]
  3084 | D:4      | Mangled by Edmund

Illustrated notes

Levels and vault maps discovered:
D:1:      psy_arrival_fountain, layout_loops_ring,
          dreamdust_ecumenical_altar_statues, minivault_4, minmay_distorted
D:2:      layout_loops_ring
D:3:      layout_basic
D:4:      layout_rooms, temple_fountains, serial_shops, shop, minivault_26,
          uniq_grinder, uniq_edmund
Temple:   eino_temple_lava

Skill      XL: |  1  2  3  4  5  6 |
---------------+-------------------+-----
Polearms       | 5 6 7 |  7.0
Shields        | 1 2 |  2.5
Dodging        | 5 |  5.8
Fighting       | 3 |  3.7
Throwing       | |  2.0

Action                     |  1- 3 |  4- 6 || total
---------------------------+-------+-------++-------
  Melee: Trident           |   127 |   196 ||   323
  Throw: Throwing net      |       |     1 ||     1
    Use: Potion            |     1 |     6 ||     7
   Stab: Sleeping          |     3 |     1 ||     4
 Armour: Leather armour    |    50 |    96 ||   146
  Dodge: Dodged            |    60 |    67 ||   127
  Block: Buckler           |    14 |    46 ||    60

Table legend: (Time is in decaauts)
 A = Elapsed time spent in this place.
 B = Non-inter-level travel time spent in this place.
 C = Inter-level travel time spent in this place.
 D = Time resting spent in this place.
 E = Time spent auto-exploring this place.
 F = Levels seen in this place.
 G = Mean time per level.
                   A        B        C        D        E       F      G
               +--------+--------+--------+--------+--------+-----+--------+
         Total |   3098 |   2998 |    100 |    765 |   1458 |   5 |  619.6 |
       Dungeon |   3020 |   2938 |     82 |    733 |   1458 |   4 |  755.0 |
        Temple |     78 |     60 |     18 |     32 |      0 |   1 |   78.0 |
               +--------+--------+--------+--------+--------+-----+--------+

Top non-repeatable levels by time:
     D:2: 987 daAuts
     D:3: 830 daAuts
     D:1: 792 daAuts
     D:4: 409 daAuts
  Temple: 78 daAuts
